TOP OF THE 1ST |
Tri-City ValleyCats batting - Pitching for Connecticut Tigers : LHP Randolph Main
|
Pitching: LHP Randolph Main
|
|
Batting: LHB Wade Girard
|
0-0: Swinging Strike 0-1: Ground out 4-3 (Groundball, 34D, EV 106.2 MPH)
|
Batting: RHB Patrick Pinault
|
0-0: Swinging Strike 0-1: Ball 1-1: Ball 2-1: Called Strike 2-2: Ball 3-2: Strikes out swinging
|
Batting: RHB Josh Broome
|
0-0: Ball 1-0: Ball 2-0: Ball 3-0: Called Strike 3-1: Base on Balls
|
Batting: RHB Roger Pelley
|
0-0: Called Strike 0-1: Ball 1-1: 2-RUN HOME RUN (Flyball, 7LD, EV 96.2 MPH), Distance : 365 ft
|
Batting: RHB Drew Coleman
|
0-0: Called Strike 0-1: Foul Ball, location: 2F 0-2: Ball 1-2: Ground out 4-3 (Groundball, 4, EV 84.4 MPH)
|
Top of the 1st over - 2 runs, 1 hit, 0 errors, 0 left on base; Tri-City 2 - Connecticut 0 |
BOTTOM OF THE 1ST |
Connecticut Tigers batting - Pitching for Tri-City ValleyCats : RHP Shitoshi Sai
|
Pitching: RHP Shitoshi Sai
|
|
Batting: LHB Timotheus Young
|
0-0: Ball 1-0: Foul Ball, location: 2F 1-1: Ball 2-1: Ball 3-1: Base on Balls
|
Batting: RHB Dustin Bursell
|
0-0: Ball 1-0: Called Strike Timotheus Young steals 2nd base 1-1: Swinging Strike 1-2: Strikes out looking
|
Batting: SHB Ronnie Lundy
|
0-0: Ball 1-0: Ball 2-0: Ball 3-0: Called Strike 3-1: Base on Balls
|
Batting: SHB Sean Foley
|
0-0: Ball Ronnie Lundy steals 2nd base Timotheus Young steals 3rd base 1-0: Ball 2-0: Called Strike 2-1: Foul Ball, location: 2F 2-2: Foul Ball, location: 2F 2-2: Strikes out swinging
|
Batting: RHB Juan Acero
|
0-0: Ball 1-0: Called Strike 1-1: Ball 2-1: Foul Ball, location: 2F 2-2: Ball 3-2: Base on Balls
|
Batting: RHB Mike Sebastian
|
0-0: Ball Passed Ball! Timotheus Young scores Ronnie Lundy to third Juan Acero to second 1-0: Ball 2-0: Foul Ball, location: 2F 2-1: SINGLE (Line Drive, 6MD, EV 106.9 MPH) Ronnie Lundy scores Juan Acero to third
|
Batting: SHB Isaiah Bias
|
0-0: Called Strike 0-1: Ball 1-1: Called Strike 1-2: Ball 2-2: Strikes out swinging
|
Bottom of the 1st over - 2 runs, 1 hit, 0 errors, 2 left on base; Tri-City 2 - Connecticut 2 |
TOP OF THE 2ND |
Tri-City ValleyCats batting - Pitching for Connecticut Tigers : LHP Randolph Main
|
Batting: RHB Jason Monico
|
0-0: Ball 1-0: Ball 2-0: Ball 3-0: Base on Balls
|
Batting: SHB Terciero Ortiz
|
0-0: Ball Wild Pitch! Jason Monico to second 1-0: Called Strike 1-1: Ball 2-1: Called Strike 2-2: Ball 3-2: Base on Balls
|
Batting: RHB John Moore
|
0-0: Ball 1-0: Ball 2-0: SINGLE (Groundball, 4MD, EV 97.5 MPH) Jason Monico to third Terciero Ortiz to second
|
Batting: RHB Domingas Saragoa
|
0-0: Ball 1-0: Fly out, F8 (Line Drive, 8RM, EV 93.1 MPH) Runner from 3rd tags up, SCORES, throw by CF
|
Batting: LHB Wade Girard
|
0-0: TRIPLE (Line Drive, 89XD, EV 107.5 MPH) Terciero Ortiz scores John Moore scores
|
Batting: RHB Patrick Pinault
|
0-0: Ball 1-0: Ball 2-0: Ball 3-0: Base on Balls
|
Pitching: LHP Satoru Mori
|
|
Batting: RHB Josh Broome
|
0-0: Swinging Strike 0-1: Ball Patrick Pinault steals 2nd base 1-1: Ball 2-1: Ball 3-1: Foul Ball, location: 2F 3-2: Ground out 4-3 (Groundball, 4, EV 85.0 MPH) Wade Girard scores Patrick Pinault to third
|
Batting: RHB Roger Pelley
|
0-0: Ball 1-0: Called Strike 1-1: Called Strike 1-2: Foul Ball, location: 2F 1-2: Ball 2-2: Ball 3-2: Strikes out swinging
|
Top of the 2nd over - 4 runs, 2 hits, 0 errors, 1 left on base; Tri-City 6 - Connecticut 2 |
BOTTOM OF THE 2ND |
Connecticut Tigers batting - Pitching for Tri-City ValleyCats : RHP Shitoshi Sai
|
Batting: LHB Zach Rose
|
0-0: DOUBLE (Flyball, 78D, EV 91.9 MPH)
|
Batting: RHB Seth Fox
|
0-0: Swinging Strike 0-1: SINGLE (Groundball, 6D, EV 103.1 MPH) Zach Rose to third
|
Batting: LHB Timotheus Young
|
0-0: Foul Ball, location: 2F 0-1: Swinging Strike 0-2: Ball 1-2: Foul Ball, location: 2F 1-2: Strikes out swinging
|
Batting: RHB Dustin Bursell
|
0-0: Ball Seth Fox steals 2nd base 1-0: Called Strike 1-1: Called Strike 1-2: Ball 2-2: Foul Ball, location: 2F 2-2: Foul Ball, location: 2F 2-2: Ball 3-2: Strikes out looking
|
Batting: SHB Ronnie Lundy
|
0-0: SINGLE (Groundball, 6D, EV 100.0 MPH) Zach Rose scores Seth Fox to third Runner from 3rd tries for Home, SAFE, throw by CF to home Ronnie Lundy to second
|
Batting: SHB Sean Foley
|
0-0: Called Strike 0-1: Foul Ball, location: 2F 0-2: Foul Ball, location: 2F 0-2: Ball 1-2: Ball 2-2: Ball 3-2: Base on Balls
|
Batting: RHB Juan Acero
|
0-0: Ball 1-0: Ball 2-0: Foul Ball, location: 2F 2-1: Called Strike 2-2: Foul Ball, location: 2F 2-2: SINGLE (Groundball, 6D, EV 97.5 MPH) Ronnie Lundy to third Sean Foley to second Runner from 3rd tries for Home, SAFE, throw by LF to home
|
Batting: RHB Mike Sebastian
|
0-0: Ball 1-0: Ball Wild Pitch! Sean Foley to third Juan Acero to second 2-0: Ball 3-0: Base on Balls
|
Batting: SHB Isaiah Bias
|
0-0: Called Strike 0-1: SINGLE (Groundball, 6D, EV 98.8 MPH) Sean Foley scores Juan Acero to third Mike Sebastian to second Runner from 3rd tries for Home, SAFE, throw by CF to home
|
Pitching: RHP Vinny Salazar
|
|
Batting: LHB Zach Rose
|
0-0: SINGLE (Groundball, P, EV 86.9 MPH) (infield hit) Mike Sebastian to third Isaiah Bias to second
|
Batting: RHB Seth Fox
|
0-0: Called Strike 0-1: Fly out, F8 (Flyball, 8RD, EV 90.6 MPH)
|
Bottom of the 2nd over - 5 runs, 6 hits, 0 errors, 3 left on base; Tri-City 6 - Connecticut 7 |
TOP OF THE 3RD |
Tri-City ValleyCats batting - Pitching for Connecticut Tigers : LHP Satoru Mori
|
Batting: RHB Drew Coleman
|
0-0: Foul Ball, location: 2F 0-1: Swinging Strike 0-2: Ball 1-2: Ball 2-2: Ball 3-2: Base on Balls
|
Batting: RHB Jason Monico
|
0-0: Ball Drew Coleman is caught stealing 2nd base 2-4 1-0: Ball 2-0: Ball 3-0: Called Strike 3-1: Called Strike 3-2: Foul Ball, location: 2F 3-2: Base on Balls
|
Batting: SHB Terciero Ortiz
|
0-0: Ball Jason Monico steals 2nd base 1-0: Called Strike 1-1: Ball 2-1: Foul Ball, location: 2F 2-2: Strikes out looking
|
Batting: RHB John Moore
|
0-0: Ball Wild Pitch! Jason Monico to third 1-0: Foul Ball, location: 2F 1-1: SINGLE (Flyball, 6D, EV 90.0 MPH) Jason Monico scores
|
Pitching: RHP Bert Hernandez
|
|
Batting: RHB Domingas Saragoa
|
0-0: Swinging Strike 0-1: Ball 1-1: Called Strike 1-2: Foul Ball, location: 2F 1-2: Ball 2-2: Foul Ball, location: 2F 2-2: Strikes out swinging
|
Top of the 3rd over - 1 run, 1 hit, 0 errors, 1 left on base; Tri-City 7 - Connecticut 7 |
BOTTOM OF THE 3RD |
Connecticut Tigers batting - Pitching for Tri-City ValleyCats : RHP Vinny Salazar
|
Batting: LHB Timotheus Young
|
0-0: Ball 1-0: Ball 2-0: Ball 3-0: Base on Balls
|
Batting: RHB Dustin Bursell
|
0-0: Ball 1-0: Called Strike Timotheus Young steals 2nd base (no throw) 1-1: SINGLE (Flyball, 9LS, EV 96.9 MPH) Timotheus Young to third Runner from 3rd tries for Home, throw by RF and OUT! 9-2
|
Batting: SHB Ronnie Lundy
|
0-0: Called Strike Dustin Bursell steals 2nd base 0-1: Ball 1-1: Called Strike 1-2: Strikes out swinging
|
Batting: SHB Sean Foley
|
0-0: Ball 1-0: Called Strike 1-1: Foul Ball, location: 2F 1-2: Fly out, F9 (Flyball, 9LM, EV 91.2 MPH)
|
Bottom of the 3rd over - 0 runs, 1 hit, 0 errors, 1 left on base; Tri-City 7 - Connecticut 7 |
TOP OF THE 4TH |
Tri-City ValleyCats batting - Pitching for Connecticut Tigers : RHP Bert Hernandez
|
Batting: LHB Wade Girard
|
0-0: Ground out 6-3 (Groundball, 6, EV 104.4 MPH)
|
Batting: RHB Patrick Pinault
|
0-0: Called Strike 0-1: Called Strike 0-2: Strikes out looking
|
Batting: RHB Josh Broome
|
0-0: Called Strike 0-1: Ground out U3 (Groundball, 34, EV 105.0 MPH)
|
Top of the 4th over - 0 runs, 0 hits, 0 errors, 0 left on base; Tri-City 7 - Connecticut 7 |
BOTTOM OF THE 4TH |
Connecticut Tigers batting - Pitching for Tri-City ValleyCats : RHP Vinny Salazar
|
Batting: RHB Juan Acero
|
0-0: Ball 1-0: Foul Ball, location: 2F 1-1: SINGLE (Groundball, 4D, EV 94.4 MPH)
|
Batting: RHB Mike Sebastian
|
0-0: Ball 1-0: Ball 2-0: Ball 3-0: Called Strike 3-1: Base on Balls Juan Acero to second
|
Batting: SHB Isaiah Bias
|
0-0: Ball 1-0: Called Strike 1-1: Foul Ball, location: 2F 1-2: Ball 2-2: Foul Ball, location: 2F 2-2: Foul Ball, location: 2F 2-2: Strikes out swinging
|
Batting: LHB Zach Rose
|
0-0: Ball 1-0: Ball 2-0: Ball 3-0: Base on Balls Juan Acero to third Mike Sebastian to second
|
Batting: RHB Seth Fox
|
0-0: Called Strike 0-1: Ball 1-1: Swinging Strike 1-2: Fly out, F8 (Flyball, 78S, EV 79.4 MPH)
|
Pitching: RHP Jeremy Mash
|
|
Batting: LHB Timotheus Young
|
0-0: Called Strike 0-1: Ball 1-1: Ball 2-1: Foul Ball, location: 2F 2-2: Ground out U3 (Groundball, 13, EV 88.1 MPH)
|
Bottom of the 4th over - 0 runs, 1 hit, 0 errors, 3 left on base; Tri-City 7 - Connecticut 7 |
TOP OF THE 5TH |
Tri-City ValleyCats batting - Pitching for Connecticut Tigers : RHP Bert Hernandez
|
Batting: RHB Roger Pelley
|
0-0: Ball 1-0: Foul Ball, location: 2F 1-1: Foul Ball, location: 2F 1-2: Foul Ball, location: 2F 1-2: Ball 2-2: Foul Ball, location: 2F 2-2: Strikes out looking
|
Batting: RHB Drew Coleman
|
0-0: Swinging Strike 0-1: Ball 1-1: Called Strike 1-2: Strikes out swinging
|
Batting: RHB Jason Monico
|
0-0: Swinging Strike 0-1: Ball 1-1: Called Strike 1-2: Strikes out swinging
|
Top of the 5th over - 0 runs, 0 hits, 0 errors, 0 left on base; Tri-City 7 - Connecticut 7 |
BOTTOM OF THE 5TH |
Connecticut Tigers batting - Pitching for Tri-City ValleyCats : RHP Jeremy Mash
|
Batting: RHB Dustin Bursell
|
0-0: Ball 1-0: Swinging Strike 1-1: Called Strike 1-2: Foul Ball, location: 2F 1-2: Strikes out swinging
|
Batting: SHB Ronnie Lundy
|
0-0: Called Strike 0-1: Ball 1-1: Ball 2-1: Called Strike 2-2: Ball 3-2: Fly out, F7 (Flyball, 7S, EV 91.9 MPH)
|
Batting: SHB Sean Foley
|
0-0: Ball 1-0: Called Strike 1-1: Foul Ball, location: 2F 1-2: Foul Ball, location: 2F 1-2: Foul Ball, location: 2F 1-2: Ball 2-2: Ball 3-2: Base on Balls
|
Batting: RHB Juan Acero
|
0-0: Ball 1-0: Called Strike 1-1: Called Strike 1-2: Ball Sean Foley steals 2nd base 2-2: Ground out 4-3 (Groundball, 34, EV 105.0 MPH)
|
Bottom of the 5th over - 0 runs, 0 hits, 0 errors, 1 left on base; Tri-City 7 - Connecticut 7 |
TOP OF THE 6TH |
Tri-City ValleyCats batting - Pitching for Connecticut Tigers : RHP Bert Hernandez
|
Batting: SHB Terciero Ortiz
|
0-0: Ball 1-0: Ball 2-0: Swinging Strike 2-1: Called Strike 2-2: Strikes out swinging
|
Batting: RHB John Moore
|
0-0: Called Strike 0-1: Called Strike 0-2: Ball 1-2: Strikes out swinging
|
Batting: RHB Domingas Saragoa
|
0-0: Called Strike 0-1: Called Strike 0-2: Ball 1-2: Ball 2-2: Ball 3-2: Strikes out swinging
|
Top of the 6th over - 0 runs, 0 hits, 0 errors, 0 left on base; Tri-City 7 - Connecticut 7 |
BOTTOM OF THE 6TH |
Connecticut Tigers batting - Pitching for Tri-City ValleyCats : RHP Jeremy Mash
|
Batting: RHB Mike Sebastian
|
0-0: Ball 1-0: Swinging Strike 1-1: Ball 2-1: Called Strike 2-2: Fly out, F8 (Line Drive, 8RM, EV 86.2 MPH)
|
Batting: SHB Isaiah Bias
|
0-0: Fly out, F8 (Flyball, 8LD, EV 96.2 MPH)
|
Batting: LHB Zach Rose
|
0-0: SINGLE (Groundball, 34D, EV 109.4 MPH)
|
Batting: RHB Seth Fox
|
0-0: Ground out 5-3 (Groundball, 56S, EV 85.6 MPH)
|
Bottom of the 6th over - 0 runs, 1 hit, 0 errors, 1 left on base; Tri-City 7 - Connecticut 7 |
TOP OF THE 7TH |
Tri-City ValleyCats batting - Pitching for Connecticut Tigers : RHP Bert Hernandez
|
Pitching: LHP Jayden Carey
|
|
Batting: LHB Wade Girard
|
0-0: Foul Ball, location: 2F 0-1: Ball 1-1: Ground out 4-3 (Groundball, 4, EV 79.4 MPH)
|
Batting: RHB Patrick Pinault
|
0-0: Swinging Strike 0-1: Called Strike 0-2: Strikes out swinging
|
Batting: RHB Josh Broome
|
0-0: Ball 1-0: Ground out 5-3 (Groundball, 56S, EV 66.9 MPH)
|
Top of the 7th over - 0 runs, 0 hits, 0 errors, 0 left on base; Tri-City 7 - Connecticut 7 |
BOTTOM OF THE 7TH |
Connecticut Tigers batting - Pitching for Tri-City ValleyCats : RHP Jeremy Mash
|
Batting: LHB Timotheus Young
|
0-0: Ball 1-0: Ball 2-0: Foul Ball, location: 2F 2-1: Ground out 3-1 (Groundball, 34S, EV 71.2 MPH)
|
Pitching: RHP Francisco Tejada
|
|
Batting: RHB Dustin Bursell
|
0-0: Called Strike 0-1: SINGLE (Line Drive, 8RS, EV 106.9 MPH)
|
Batting: SHB Ronnie Lundy
|
0-0: Ball 1-0: SINGLE (Groundball, 34, EV 95.6 MPH) Dustin Bursell to second Runner from 2nd tries for 3rd, SAFE, throw by RF made to third
|
Batting: SHB Sean Foley
|
0-0: Ball 1-0: Called Strike 1-1: Fly out, F9 (Flyball, 89S, EV 84.4 MPH)
|
Batting: RHB Juan Acero
|
0-0: Ball 1-0: Called Strike 1-1: Foul Ball, location: 2F 1-2: Ball 2-2: Ball 3-2: DOUBLE (Flyball, 8RXD, EV 100.6 MPH) Dustin Bursell scores Ronnie Lundy to third Ronnie Lundy scores
|
Batting: RHB Mike Sebastian
|
0-0: Called Strike 0-1: Swinging Strike 0-2: Strikes out swinging
|
Bottom of the 7th over - 2 runs, 3 hits, 0 errors, 1 left on base; Tri-City 7 - Connecticut 9 |
TOP OF THE 8TH |
Tri-City ValleyCats batting - Pitching for Connecticut Tigers : LHP Jayden Carey
|
Now at 1B: Tony Nunez
|
|
Batting: RHB Roger Pelley
|
0-0: Swinging Strike 0-1: Foul Ball, location: 2F 0-2: Foul Ball, location: 2F 0-2: Strikes out looking
|
Batting: RHB Drew Coleman
|
0-0: Ball 1-0: Foul Ball, location: 2F 1-1: SINGLE (Line Drive, 56D, EV 96.9 MPH)
|
Batting: RHB Jason Monico
|
0-0: Fielders Choice at 2nd, 5-4 (Groundball, 5, EV 103.8 MPH)
|
Batting: SHB Terciero Ortiz
|
0-0: Called Strike 0-1: Ball 1-1: Swinging Strike 1-2: Ball 2-2: Foul Ball, location: 2F 2-2: Foul Ball, location: 2F 2-2: Strikes out swinging
|
Top of the 8th over - 0 runs, 1 hit, 0 errors, 1 left on base; Tri-City 7 - Connecticut 9 |
BOTTOM OF THE 8TH |
Connecticut Tigers batting - Pitching for Tri-City ValleyCats : RHP Francisco Tejada
|
Batting: SHB Isaiah Bias
|
0-0: Called Strike 0-1: Swinging Strike 0-2: Ball 1-2: Strikes out swinging
|
Batting: LHB Zach Rose
|
0-0: Ball 1-0: Fly out, F8 (Flyball, 8RD, EV 101.2 MPH)
|
Batting: RHB Seth Fox
|
0-0: Foul Ball, location: 2F 0-1: SINGLE (Groundball, 6MD, EV 103.8 MPH)
|
Pitching: LHP T.J. Westover
|
|
Batting: LHB Timotheus Young
|
0-0: Ball 1-0: Ground out U3 (Groundball, 3, EV 83.1 MPH)
|
Bottom of the 8th over - 0 runs, 1 hit, 0 errors, 1 left on base; Tri-City 7 - Connecticut 9 |
TOP OF THE 9TH |
Tri-City ValleyCats batting - Pitching for Connecticut Tigers : LHP Jayden Carey
|
Batting: RHB John Moore
|
0-0: Called Strike 0-1: Foul Ball, location: 2F 0-2: Strikes out swinging
|
Batting: RHB Domingas Saragoa
|
0-0: Called Strike 0-1: Called Strike 0-2: Foul Ball, location: 2F 0-2: Strikes out swinging
|
Batting: LHB Wade Girard
|
0-0: Foul Ball, location: 2F 0-1: Called Strike 0-2: Fly out, F7 (Flyball, 7, EV 86.9 MPH)
|
Top of the 9th over - 0 runs, 0 hits, 0 errors, 0 left on base; Tri-City 7 - Connecticut 9 |
|